 Dungeon Crawl Stone Soup version 0.29-a0-275-g389c0b56f3 (webtiles) character file.

Game seed: 2102839337885714490

23 spaghetti the Magician (level 2, -4/18 HPs)
             Began as a Deep Elf Chaos Knight on Mar 10, 2022.
             Was a Plaything of Xom.
             Killed from afar by a white imp (9 damage)
             ... with a puff of frost
             ... summoned by Xom
             ... on level 1 of the Dungeon.
             The game lasted 00:00:57 (605 turns).

spaghetti the Magician (Deep Elf Chaos Knight)       Turns: 605, Time: 00:00:57

Health: -4/18      AC:  5    Str:  9    XL:     2   Next: 72%
Magic:  8/8        EV: 12    Int: 16    God:    Xom [*.....]
Gold:   23         SH:  0    Dex: 16    Spells: 7/7 levels left

rFire   . . .      SeeInvis .   a - +0 short sword (chaos) {short}
rCold   . . .      Faith    .   (no shield)
rNeg    . . .      Spirit   .   b - +2 leather armour
rPois   .          Reflect  .   (no helmet)
rElec   .          Harm     .   (no cloak)
rCorr   .          Rampage  .   (no gloves)
Will    .....                   (no boots)
Stlth   +.........              (no amulet)
HPRegen 0.06/turn               (no ring)
MPRegen 0.11/turn               (no ring)

@: no status effects
A: agile 1, deterioration 1
a: Renounce Religion


You were on level 1 of the Dungeon.
You worshipped Xom.
You were a special plaything of Xom.
You visited 1 branch of the dungeon, and saw 1 of its levels.

You collected 23 gold pieces.


Innate Abilities, Weirdness & Mutations

You are agile. (Dex +2)
Your body sometimes deteriorates upon taking damage.


   Skills:
 - Level 2.4 Fighting
 - Level 3.0 Short Blades
 - Level 0.7 Armour
 - Level 2.4 Dodging
 + Level 3.3 Spellcasting


You had 7 spell levels left.
You didn't know any spells.
Your spell library was empty.

Inventory:

Hand Weapons
 a - a +0 short sword of chaos (weapon) {short}
Missiles
 e - 62 stones {throwing}
Armour
 b - a +2 leather armour (worn)
Scrolls
 d - 2 scrolls of amnesia
Potions
 f - a potion of brilliance {unknown}
 h - a potion of attraction {unknown}
Miscellaneous
 c - a piece from Xom's chessboard (inert) (quivered)

Dungeon Overview and Level Annotations

Branches:
Dungeon (1/15)

Altars:

#####.######.########.##
........................
###.....###.########.##
#.....# #.# #....
#.....# #.# #..##
#.....# #.# #..##
#.....# ... #....
###..##..... ##.†.
##@##.....# ####
#5##.....# ####
#5.#.....# ##...
##.#.....# #.... ..
#..## #.# #..#. .. #....
..# ##... ... ###.


You could see 2 white imps.


Message History

Your piece from Xom's chessboard (1/15) has regained one charge.
You swing at nothing.
You swing at nothing. 😎 HP[+1]
Your hp is fully restored (18).
f - a metallic puce potion
Things that are here:
a +0 dagger {short}; a goblin corpse; a quokka corpse 😎 MP[+1]
Your mp is fully restored (8).
A kobold comes into view. It is wielding a +0 short sword.
You see here 6 gold pieces.
A kobold is nearby!
A kobold is nearby!
A kobold is nearby!
You make a move on Xom's chessboard...
The kobold appears confused.
The chess piece greys!
The kobold hits you with a +0 short sword. 😕 HP[-2]
You take 2 damage, and now have 16/18 hp.
You hit the kobold but do no damage.
You see here a smoky ruby potion. 😕 HP[+1]
g - a smoky ruby potion You hit the kobold.
You burn the kobold.
You kill the kobold!
e - 15 stones {throwing} (gained 5)
Things that are here:
a +0 short sword {short}; a kobold corpse You now have 6 gold pieces.
You now have 23 gold pieces (gained 17).
h - a bubbling puce potion 😎 HP[+1]
Your hp is fully restored (18).
Key pressed, stopping explore.
e - 43 stones {throwing} (gained 28)
e - 62 stones {throwing} (gained 19)
A ball python comes into view.
The ball python hisses angrily.
You hear an angry hiss.
A ball python is nearby!
A ball python is nearby!
A hobgoblin comes into view.
The hobgoblin shouts!
You barely miss the ball python.
The ball python bites you but does no damage.
The ball python closely misses you.
A ball python comes into view.
You hit the ball python.
You kill the ball python!
The hobgoblin hits you.
You see here a ball python corpse. 😕 HP[-4]
You take 4 damage, and now have 14/18 hp.
MASSIVE DAMAGE!! (PAUSE)
You hit the hobgoblin. The hobgoblin hits you. 😮 HP[-3]
You take 3 damage, and now have 11/18 hp.
You closely miss the hobgoblin.
The hobgoblin hits you but does no damage.
You hit the hobgoblin but do no damage.
The hobgoblin seems to slow down.
The ball python misses you. The ball python grabs you.
The ball python constricts you.
The hobgoblin closely misses you. 😮 HP[-1]
You take 1 damage, and now have 10/18 hp.
You hit the hobgoblin.
You kill the hobgoblin!
The ball python bites you.
* * * LOW HITPOINT WARNING * * *
The ball python constricts you. 😨 HP[-2]
You take 2 damage, and now have 8/18 hp.
You hit the ball python.
You kill the ball python! "How about this?"
A monocle briefly appears over your right eye.
You are now a special plaything of Xom. 😨 HP[+1] Unknown command.
Unknown command.
Unknown command. "Fight to survive, mortal."
The white imp attacks as you move away! The white imp misses you.
You hit the white imp. You burn the white imp. 😮 HP[+1]
You barely miss the white imp. The white imp gestures at you.
The puff of frost hits you.
* * * LOW HITPOINT WARNING * * *
😨 HP[-5]
You take 5 damage, and now have 5/18 hp.
MASSIVE DAMAGE!! (PAUSE) It was a potion of mutation.
You feel extremely strange.
You feel yourself wasting away.
You feel agile.
Xom thinks this is hilarious!
The white imp grins evilly.
The white imp gestures at you. The puff of frost hits you!
Ouch! That really hurt!
You die...

Skill      XL: |  1  2 |
---------------+-------+-----
Spellcasting   | 2 3 |  3.3
Fighting       | |  2.4
Short Blades   | |  3.0
Armour         | |  0.7
Dodging        | |  2.4

Action                   || total
-------------------------++-------
Melee: Short sword       ||    52
       Punch             ||     1
Evoke: Piece from Xom's  ||    16
  Use: Scroll            ||     1
       Potion            ||     1
 Stab: Paralysed         ||     2
Armor: Leather armour    ||    29
Dodge: Dodged            ||    36

Levels and vault maps discovered:
D:1:      minmay_arrival_wavy_path, layout_basic, hangedman_decor_riveting

Notes
Turn   | Place    | Note
-------+----------+-------------------------------------------
     0 | D:1      | spaghetti the Deep Elf Chaos Knight began the quest for the
                  | Orb.
     0 | D:1      | Reached XP level 1. HP: 13/13 MP: 3/3
     0 | D:1      | magus.rc [v1.9.6]
    27 | D:1      | Reached skill level 1 in Spellcasting
    41 | D:1      | Reached skill level 2 in Spellcasting
    44 | D:1      | Reached XP level 2. HP: 6/18 MP: 5/7
    44 | D:1      | XOM: silly message
   134 | D:1      | XOM: silly message
   222 | D:1      | XOM: silly message
   479 | D:1      | XOM: smoke on damage
   481 | D:1      | Reached skill level 3 in Spellcasting
   589 | D:1      | XOM: silly message
   601 | D:1      | XOM: summons 2 hostile demons
   605 | D:1      | Gained mutation: Your body sometimes deteriorates upon
                  | taking damage. [potion of mutation]
   605 | D:1      | Gained mutation: You are agile. (Dex +2) [potion of
                  | mutation]
   605 | D:1      | Killed from afar by a white imp

Vanquished Creatures
  4 ball pythons (D:1)
  An endoplasm (D:1)
  3 hobgoblins (D:1)
  7 jackals (D:1)
  A quokka (D:1)
  A goblin (D:1)
  A kobold (D:1)
18 creatures vanquished.

Table legend:
 A = Non-vault XP
 B = Vault XP
 C = Vault XP percentage of total XP
 D = Non-vault monster count
 E = Vault monster count
 F = Vault count percentage of total count
                 A         B        C        D         E       F
            +---------+---------+-------+---------+---------+-------
      Total |      33 |       0 |   0.0 |      18 |       0 |   0.0
            +---------+---------+-------+---------+---------+-------
        D:1 |      33 |       0 |   0.0 |      18 |       0 |   0.0
            +---------+---------+-------+---------+---------+-------

Illustrated notes

Table legend:
 A = Kills in this place as a percentage of kills in entire the game.
 B = Kills by you in this place as a percentage of kills by you in the entire game.
 C = Kills by friends in this place as a percentage of kills by friends in the entire game.
 D = Other kills in this place as a percentage of other kills in the entire game.
 E = Experience gained in this place as a percentage of experience gained in the entire game.
 F = Experience gained in this place divided by the number of levels of this place that you have seen.
                   A       B       C       D       E      F
               +-------+-------+-------+-------+-------+----------------------
         Total | 100.0 | 100.0 |   N/A |   N/A | 100.0 |  33.0
       Dungeon | 100.0 | 100.0 |   N/A |   N/A | 100.0 |  33.0
               +-------+-------+-------+-------+-------+----------------------

Table legend: (Time is in decaauts)
 A = Elapsed time spent in this place.
 B = Non-inter-level travel time spent in this place.
 C = Inter-level travel time spent in this place.
 D = Time resting spent in this place.
 E = Time spent auto-exploring this place.
 F = Levels seen in this place.
 G = Mean time per level.
                   A        B        C        D        E       F      G
               +--------+--------+--------+--------+--------+-----+--------+
         Total |    602 |    602 |      0 |    180 |    318 |   1 |  602.0 |
       Dungeon |    602 |    602 |      0 |    180 |    318 |   1 |  602.0 |
               +--------+--------+--------+--------+--------+-----+--------+

Top non-repeatable levels by time:
     D:1: 602 daAuts
